 Dungeon Crawl Stone Soup version 0.18-a0-1088-g34ef3a2 (webtiles) character file.

191 ater218 the Conjurer (level 5, -5/35 HPs)
             Began as a Demonspawn Conjurer on Jan 15, 2016.
             Slain by an ogre
             ... wielding a +0 giant club
              (13 damage)
             ... on level 4 of the Dungeon.
             The game lasted 00:12:41 (3130 turns).

ater218 the Conjurer (Demonspawn Conjurer)          Turns: 3130, Time: 00:12:42

Health: -5/35      AC:  3    Str:  8    XL:     5   Next: 41%
Magic:  5/9        EV: 13    Int: 18    God:
Gold:   163        SH:  0    Dex: 20    Spells: 1 memorised, 9 levels left

rFire  . . .     SeeInvis .     h - +3 hand axe
rCold  . . .     Gourm    .     a - +0 robe
rNeg   . . .     Faith    .     (no shield)
rPois  .         Spirit   .     k - +0 helmet
rElec  .         Dismiss  .     (no cloak)
rCorr  .         Reflect  .     (no gloves)
SustAt .         Harm     .     (no boots)
MR     .....                    (no amulet)
Stlth  +++.......               (no ring)
                                c - +5 ring of dexterity

@: not resistant to hostile enchantments, fairly stealthy
A: claws 1, thin skeletal structure 1, spiny 1
a: no special abilities


You were on level 4 of the Dungeon.
You were near starving.

You visited 1 branch of the dungeon, and saw 4 of its levels.

You collected 163 gold pieces.

Inventory:

Hand Weapons
 f - a +0 short sword
 h - a +3 hand axe (weapon)
Armour
 a - a +0 robe (worn)
 k - a +0 helmet (worn)
Jewellery
 c - a +5 ring of dexterity (left claw)
Wands
 i - a wand of teleportation (3/9)
Scrolls
 e - a scroll of remove curse
 j - 2 scrolls of amnesia
 p - a scroll of fear {unknown}
 r - a scroll of random uselessness
Potions
 d - 4 potions of curing {unknown}
 g - a potion of heal wounds {unknown}
 m - 2 potions of invisibility {unknown}
 o - a potion of agility {unknown}
Books
 b - a book of Conjurations

   Spells                             Type                      Level
   a - Magic Dart                     Conjuration                  1
   b - Searing Ray                    Conjuration                  2
   c - Dazzling Spray                 Conjuration/Hexes            3
   d - Fulminant Prism                Conjuration/Hexes            4
   e - Iskenderun's Mystic Blast      Conjuration                  4
   f - Iskenderun's Battlesphere      Conjuration/Charms           5
Comestibles
 l - 2 bread rations
 n - 2 meat rations
 q - a chunk of flesh


   Skills:
 - Level 0.2 Fighting
 - Level 0.1 Short Blades
 + Level 2.2 Dodging
 - Level 2.3 Stealth
 + Level 3.0 Spellcasting
 + Level 5.7 Conjurations


You had 9 spell levels left.
You knew the following spells:

 Your Spells              Type           Power        Failure   Level  Hunger
a - Magic Dart            Conj           ###.         1%          1    None


Dungeon Overview and Level Annotations

Branches:
Dungeon (4/15)
 Temple: D:4-7

Altars:


Innate Abilities, Weirdness & Mutations

You have sharp fingernails.
You have a somewhat thin skeletal structure (Dex +2, Stealth).
You are partially covered in sharp spines.


Message History

t - Shout!
Orders for allies: a - Attack new target. p - Attack previous target. r - Retreat! s - Stop attacking. w - Wait here. f - Follow me.
Anything else - Stay silent.
Gang up on whom?
Press: ? - help, Dir - move target cursor, f/p - ogre
Aim: an ogre, wielding a giant club (almost dead) Attack!
The ogre closely misses you. What do you say? t - Shout!
Orders for allies: a - Attack new target. p - Attack previous target. r - Retreat! s - Stop attacking. w - Wait here. f - Follow me.
Anything else - Stay silent.
Gang up on whom?
Press: ? - help, Dir - move target cursor, f/p - ogre
Aim: an ogre, wielding a giant club (almost dead) Attack!
The ogre hits you with a giant club!
You die...

.## .# #. #....# .#
#. #..#.####.#####<
##..#............
#.......#.######.
###.....#.#.# ##
.......#...#######
###..# #.........)..
#..@.+ +...#########
#.#.O#+#.........#
#........#.......#
#.###....#.......#
###.##..>###.......#
#.#......###
#.......# #.......##
####รท######
#.....#.## #)......
..........###
#.......


You could see an ogre.

Vanquished Creatures
  An ogre (D:4)
  A gnoll (D:4)
  3 adders
  2 oozes
  A worm (D:3)
  2 giant geckos (D:2)
  2 orcs (D:3)
  5 bats
  A giant cockroach (D:3)
  8 goblins
  4 hobgoblins
  6 jackals
  2 ball pythons
  5 giant newts
  10 kobolds
  2 rats (D:1)
  A bush (D:1)
56 creatures vanquished.

Notes
Turn   | Place    | Note
--------------------------------------------------------------
     0 | D:1      | ater218 the Demonspawn Conjurer began the quest for the Orb.
     0 | D:1      | Reached XP level 1. HP: 13/13 MP: 3/3
     9 | D:1      | Noticed an electric eel
   275 | D:1      | Gained mutation: You are partially covered in sharp spines. [demonic ancestry]
   275 | D:1      | Reached XP level 2. HP: 16/19 MP: 5/5
  1259 | D:2      | Gained mutation: You have sharp fingernails. [demonic ancestry]
  1259 | D:2      | Reached XP level 3. HP: 24/24 MP: 0/6
  1627 | D:2      | Reached skill level 5 in Conjurations
  1950 | D:3      | Reached XP level 4. HP: 26/30 MP: 5/7
  2952 | D:4      | Noticed an ogre
  2963 | D:4      | Killed an ogre
  2963 | D:4      | Gained mutation: You have a somewhat thin skeletal structure (Dex +2, Stealth). [demonic ancestry]
  2963 | D:4      | Reached XP level 5. HP: 35/35 MP: 3/9
  3042 | D:4      | Noticed an ogre
  3130 | D:4      | Slain by an ogre

Vault maps used:
D:1:      arrival_aquarium_a, serial_forest, infiniplex_forest_end_3,
          infiniplex_forest_straight_2, infiniplex_forest_zigzag_1,
          infiniplex_forest_end_3, infiniplex_forest_end_1,
          infiniplex_forest_diagonal, infiniplex_forest_lined_3,
          infiniplex_forest_join, serial_bayou_lagoon_a
D:3:      first_bread, item_on_display_a
D:4:      lemuel_castle_with_subvaults, kennysheep_mini_moat

Action                   |  1- 3 |  4- 6 || total
-------------------------+-------+-------++-------
Melee: Short sword       |   236 |     5 ||   241
       Unarmed           |     4 |       ||     4
 Cast: Magic Dart        |    56 |    45 ||   101
  Use: Scroll            |       |     8 ||     8
 Stab: Sleeping          |     1 |       ||     1
  Eat: Bread ration      |     1 |       ||     1
       Chunk             |       |     2 ||     2
